 Dungeon Crawl Stone Soup version 0.21.0-22-g11d5b52 (webtiles) character file.

127 Gruud the Grave Robber (level 4, 0/30 HPs)
             Began as a Demonspawn Necromancer on Jan 18, 2018.
             Slain by an orc
             ... wielding a +0 trident
              (9 damage)
             ... on level 3 of the Dungeon.
             The game lasted 00:07:17 (2027 turns).

Gruud the Grave Robber (Demonspawn Necromancer)     Turns: 2027, Time: 00:07:18

Health: 0/30       AC:  2    Str:  8    XL:     4   Next: 85%
Magic:  6/7        EV: 12    Int: 21    God:
Gold:   99         SH:  0    Dex: 15    Spells: 2/7 levels left

rFire    . . .     SeeInvis .   a - +6 short sword (elec)
rCold    . . .     Gourm    .   (no shield)
rNeg     . . .     Faith    .   m - +0 robe
rPois    .         Spirit   .   (helmet restricted)
rElec    .         Reflect  .   (no cloak)
rCorr    .         Harm     +   (no gloves)
MR       .....                  (no boots)
Stlth    ++........             o - amulet of harm
HPRegen  0.10/turn              g - +5 ring of intelligence
MPRegen  0.10/turn              (no ring)

@: no status effects
A: antennae 1, hooves 1
a: no special abilities


You were on level 3 of the Dungeon.
You were not hungry.

You visited 1 branch of the dungeon, and saw 3 of its levels.

You collected 99 gold pieces.

Inventory:

Hand Weapons
 a - a +6 short sword of electrocution (weapon)
Missiles
 e - 28 sling bullets
Armour
 m - a +0 robe (worn)
Jewellery
 d - an uncursed ring of fire
 g - a +5 ring of intelligence (left hand)
 o - an amulet of harm (around neck)
Scrolls
 j - a scroll of random uselessness {unknown}
 k - a scroll of blinking {unknown}
 l - a scroll of amnesia {unknown}
 p - 2 scrolls of teleportation {unknown}
 q - a scroll of magic mapping {unknown}
 s - a scroll of remove curse {unknown}
Potions
 f - a potion of berserk rage
 h - a potion of haste {unknown}
 i - a potion of agility {unknown}
 n - 2 potions of resistance
 r - a potion of flight {unknown}
 u - a potion of mutation {unknown}
Books
 b - a book of Necromancy

   Spells                             Type                      Level
   a - Pain                           Necromancy                   1
   b - Animate Skeleton               Necromancy                   1
   c - Vampiric Draining              Necromancy                   3
   d - Regeneration                   Charms/Necromancy            3
   e - Animate Dead                   Necromancy                   4
   f - Borgnjor's Vile Clutch         Necromancy/Earth             5
Comestibles
 c - 2 rations


   Skills:
 - Level 1.7 Dodging
 - Level 1.7 Stealth
 - Level 2.0 Spellcasting
 * Level 6.9 Necromancy


You had 2 spell levels left.
You knew the following spells:

 Your Spells              Type           Power        Failure   Level  Hunger
a - Pain                  Necr           ####         1%          1    #......
b - Animate Skeleton      Necr           N/A          1%          1    #......
c - Vampiric Draining     Necr           ####......   2%          3    ###....


Dungeon Overview and Level Annotations

Branches:
Dungeon (3/15)

Altars:
Dithmenos
Fedhas

Annotations:
D:3 Robin


Innate Abilities, Weirdness & Mutations

You have a pair of small antennae on your head.
You have large cloven feet.


Message History

You climb upwards.
There is a stone staircase leading down here.
You start resting.
Your goblin skeleton crumbles into dust!
Magic restored.
You climb downwards.
Level annotation: Robin A goblin comes into view.
It is wielding a dagger.
The orc hits you with a trident. The orc hits you with a trident!
There is a stone staircase leading up here.
Unknown command.
Casting: Pain
Confirm with . or Enter, or press ? or * to list all spells.
Aiming: Pain
Press: ? - help, Shift-Dir - straight line, f - orc
Aim: an orc, wielding a trident (chance to defeat MR: 93%)
The orc writhes in agony!
The goblin shouts!
The orc hits you but does no damage. The orc hits you with a trident!
You die...

.#...#
%#...#.
.......
...g...
..... . #
).. ...
#.##(#...#
#..@oo...#
####.#...#
.# ## .#
.# .. ##


You could see 2 orcs and a goblin.

Vanquished Creatures
  An orc wizard (D:3)
  A gnoll (D:2)
  3 adders
  An ooze (D:2)
  A worm (D:2)
  A dart slug (D:2)
  A leopard gecko (D:3)
  2 orcs (D:3)
  5 bats
  2 giant cockroaches (D:2)
  6 hobgoblins
  3 jackals (D:2)
  5 kobolds
  A quokka (D:2)
  A frilled lizard (D:2)
  9 goblins
  3 rats
46 creatures vanquished.

Notes
Turn   | Place    | Note
-------+----------+-------------------------------------------
     0 | D:1      | Gruud the Demonspawn Necromancer began the quest for the Orb.
     0 | D:1      | Reached XP level 1. HP: 13/13 MP: 3/3
     2 | D:1      | Learned a level 1 spell: Animate Skeleton
   239 | D:1      | Gained mutation: You have large cloven feet. [demonic ancestry]
   239 | D:1      | Reached XP level 2. HP: 18/19 MP: 5/5
   251 | D:1      | Reached skill level 5 in Necromancy
   803 | D:2      | Found a shadowy altar of Dithmenos.
   867 | D:2      | Gained mutation: You have a pair of small antennae on your head. [demonic ancestry]
   867 | D:2      | Reached XP level 3. HP: 18/24 MP: 1/6
  1051 | D:2      | Learned a level 3 spell: Vampiric Draining
  1340 | D:2      | Reached skill level 6 in Necromancy
  1581 | D:3      | Found a blossoming altar of Fedhas.
  1592 | D:3      | Reached XP level 4. HP: 23/30 MP: 1/7
  1732 | D:3      | Noticed Robin
  2027 | D:3      | Slain by an orc

Skill      XL: |  1  2  3 |
---------------+----------+-----
Necromancy     | 5 6 |  6.9
Dodging        | |  1.7
Stealth        | |  1.7
Spellcasting   | |  2.0

Action                   |  1- 3 |  4- 6 || total
-------------------------+-------+-------++-------
Melee: Short sword       |    40 |     3 ||    43
       Mace              |     2 |       ||     2
       Kick              |     3 |     1 ||     4
 Cast: Pain              |    23 |    17 ||    40
       Animate Skeleton  |    15 |     2 ||    17
  Use: Scroll            |     8 |       ||     8
 Stab: Sleeping          |     2 |       ||     2
  Eat: Chunk             |     2 |     2 ||     4
Armor: Robe              |     5 |     2 ||     7
Dodge: Dodged            |    25 |     5 ||    30
